 Dungeon Crawl Stone Soup version 0.22.0-32-gbc6daba (webtiles) character file.

50 Monsterracer the Digger (level 3, -2/24 HPs)
             Began as a Barachi Earth Elementalist on Aug 23, 2018.
             Slain by Sigmund
             ... wielding a +0 scythe
              (12 damage)
             ... on level 2 of the Dungeon.
             The game lasted 00:01:38 (1518 turns).

Monsterracer the Digger (BaEE)                      Turns: 1518, Time: 00:01:39

Health: -2/24      AC:  2    Str:  9    XL:     3   Next: 79%
Magic:  3/7        EV: 12    Int: 16    God:
Gold:   62         SH:  0    Dex: 12    Spells: 1/7 levels left

rFire    . . .     SeeInvis .   l - +0 falchion
rCold    . . .     Gourm    .   (no shield)
rNeg     . . .     Faith    .   d - +0 robe
rPois    .         Spirit   .   (no helmet)
rElec    .         Reflect  .   (no cloak)
rCorr    .         Harm     .   (no gloves)
MR       .....                  (no boots)
Stlth    +.........             (no amulet)
HPRegen  0.08/turn              k - ring of flight
MPRegen  0.10/turn              (no ring)

@: confused, slow
A: +LOS, swims, slowness 1, strong legs 1
a: Hop, Evoke Flight


You were on level 2 of the Dungeon.
You were hungry.

You visited 1 branch of the dungeon, and saw 2 of its levels.

You collected 62 gold pieces.

Inventory:

Hand Weapons
 l - a +0 falchion (weapon)
Missiles
 b - 12 stones (quivered)
Armour
 d - a +0 robe (worn)
Jewellery
 k - a ring of flight (left hand)
Scrolls
 f - 2 scrolls of remove curse {unknown}
 i - 2 scrolls of noise {unknown}
 j - a scroll of teleportation {unknown}
Potions
 e - 2 potions of curing {unknown}
 g - a potion of degeneration {unknown}
 h - a potion of mutation {unknown}
Comestibles
 c - 3 rations


   Skills:
 - Level 2.1 Dodging
 - Level 1.7 Stealth
 + Level 2.9 Spellcasting
 - Level 1.1 Transmutations
 * Level 4.1 Earth Magic


You had one spell level left.
You knew the following spells:

 Your Spells              Type           Power        Failure   Level  Hunger
a - Sandblast             Erth           ###...       3%          1    #......
c - Stone Arrow           Conj/Erth      #.....       24%         3    ###....
x - Passwall              Tmut/Erth      ##......     10%         2    ##.....

Your spell library contained the following spells:

 Spells                   Type           Power        Failure   Level  Hunger
 Petrify                  Tmut/Erth      ##......     54%         4    #####..
 Lee's Rapid Deconstruct  Erth           ###.......   67%         5    ######.


Dungeon Overview and Level Annotations

Branches:
Dungeon (2/15)

Altars:
Elyvilon

Annotations:
D:2 Sigmund


Innate Abilities, Weirdness & Mutations

Shadows flee at your approach. (+LOS)
You can swim through water.
You cover ground slowly.
You can hop short distances.


Message History

Aiming: Sandblast (safe; 3% risk of failure)
Press: ? - help, Shift-Dir - straight line, f/p - goblin
Aim: a goblin, wielding a club The blast of sand hits the goblin.
You kill the goblin!
b - 18 stones You now have 3/7 mp.
Unknown command.
Things that are here:
a club; a goblin corpse; Health restored: 24; MP restored: 7 Your magical contamination has completely faded away.
A worm comes into view.
A worm is nearby!
A worm is nearby!
Casting: Sandblast (safe; 3% risk of failure)
Confirm with . or Enter, or press ? or * to list all spells.
Aiming: Sandblast (safe; 3% risk of failure)
Press: ? - help, Shift-Dir - straight line, f - worm
Aim: a worm (resting)
The blast of sand hits the worm.
The worm is severely wounded.
b - 17 stones You now have 6/7 mp.
Casting: Sandblast (safe; 3% risk of failure)
Confirm with . or Enter, or press ? or * to list all spells.
Aiming: Sandblast (safe; 3% risk of failure)
Press: ? - help, Shift-Dir - straight line, f/p - worm
Aim: a worm (heavily wounded)
The blast of sand hits the worm.
You kill the worm!
b - 16 stones You now have 5/7 mp.
Unknown command.
Casting: Sandblast (safe; 3% risk of failure)
Confirm with . or Enter, or press ? or * to list all spells.
You can't see any susceptible monsters within range! (Use Z to cast anyway.) Unknown command.
You are feeling hungry.
A quokka comes into view.
Found a scroll labeled EKLIOG NIGEIL.
MP restored: 7 A quokka is nearby!
Sigmund the Dreaded comes into view.
He is wielding a scythe.
Sigmund shouts!
The quokka barely misses you.
You riposte.
You hit the quokka but do no damage. The quokka bites you.
You take 4 damage, and have 20/24 hp.
The quokka closely misses you.
Casting: Sandblast (safe; 3% risk of failure)
Confirm with . or Enter, or press ? or * to list all spells.
Aiming: Sandblast (safe; 3% risk of failure)
Press: ? - help, Shift-Dir - straight line, f - quokka
Aim: a quokka The blast of sand hits the quokka.
You kill the quokka!
b - 15 stones You now have 6/7 mp.
Casting: Sandblast (safe; 3% risk of failure)
Confirm with . or Enter, or press ? or * to list all spells.
Aiming: Sandblast (safe; 3% risk of failure)
Press: ? - help, Shift-Dir - straight line, f - Sigmund
Aim: Sigmund, wielding a scythe and wearing a robe The blast of sand hits Sigmund.
Sigmund is moderately wounded.
b - 14 stones A dart slug comes into view.
Sigmund says, "I'm your fate." Sigmund misses you.
You now have 5/7 mp.
Casting: Sandblast (safe; 3% risk of failure)
Confirm with . or Enter, or press ? or * to list all spells.
Aiming: Sandblast (safe; 3% risk of failure)
Press: ? - help, Shift-Dir - straight line, f/p - Sigmund
Aim: Sigmund, wielding a scythe and wearing a robe (moderately wounded)
The blast of sand misses Sigmund.
b - 13 stones Sigmund zaps a wand.
The puff of flame hits you!
* * * LOW HITPOINT WARNING * * *
It is a wand of flame (37).
You take 11 damage, and have 9/24 hp.
MASSIVE DAMAGE!!
You now have 4/7 mp.
Casting: Sandblast (safe; 3% risk of failure)
Confirm with . or Enter, or press ? or * to list all spells.
Aiming: Sandblast (safe; 3% risk of failure)
Press: ? - help, Shift-Dir - straight line, f/p - Sigmund
Aim: Sigmund, wielding a scythe, wearing a robe and carrying a wand of flame (37) (moderately wounded)
The blast of sand hits Sigmund.
Sigmund is severely wounded.
b - 12 stones Sigmund gestures at you while chanting.
You are confused.
You now have 3/7 mp.
You're too confused to cast spells.
Unknown command.
You bump into the rock wall.
Sigmund closely misses you.
You see here a quokka corpse.
You miss Sigmund.
Sigmund is severely wounded.
Sigmund hits you with a scythe!
Ouch! That really hurt!
You die...

#..##..#
#..##..#
#..##..#
###.. #..#
.... #..#
#.###.###..#
#..........#
#.###.###.##
#@# #... #@#
###.# #.w.#
.# ......# #
###....#
##?#.# #.#.#
#.#.# #.#.#


You could see Sigmund and a dart slug.

Vanquished Creatures
  An adder (D:2)
  2 worms (D:2)
  A dart slug (D:1)
  A leopard gecko (D:1)
  A giant cockroach (D:2)
  4 goblins
  3 hobgoblins (D:1)
  7 kobolds
  A quokka (D:2)
  4 bats
  A frilled lizard (D:1)
  3 rats
29 creatures vanquished.

Notes
Turn   | Place    | Note
-------+----------+-------------------------------------------
     0 | D:1      | Monsterracer the Barachi Earth Elementalist began the quest for the Orb.
     0 | D:1      | Reached XP level 1. HP: 13/13 MP: 3/3
   145 | D:1      | Reached XP level 2. HP: 19/19 MP: 3/5
  1079 | D:2      | Reached XP level 3. HP: 18/24 MP: 5/7
  1084 | D:2      | Learned a level 2 spell: Passwall
  1088 | D:2      | Learned a level 3 spell: Stone Arrow
  1292 | D:2      | Reached skill level 4 in Earth Magic
  1325 | D:2      | Found a white marble altar of Elyvilon.
  1507 | D:2      | Noticed Sigmund
  1514 | D:2      | HP: 9/24 [Sigmund/wand of flame (38) (11)]
  1518 | D:2      | Slain by Sigmund

Skill      XL: |  1  2  3 |
---------------+----------+-----
Earth Magic    | 4 |  4.1
Dodging        | |  2.1
Stealth        | |  1.7
Spellcasting   | |  2.9
Transmutations | |  1.1

Action                   || total
-------------------------++-------
Melee: Dagger            ||    15
       Falchion          ||     1
 Cast: Sandblast         ||    43
  Eat: Chunk             ||     2
Armor: Robe              ||     5
Dodge: Dodged            ||    21
       Rpst.: Falchion   ||     1

Vault maps used:
D:1:      dpeg_arrival_pond
D:2:      first_ration, elyvilon_altar_5, uniq_sigmund, uniq_natasha
